 Dungeon Crawl Stone Soup version 0.21-a0-582-g1b93aee (webtiles) character file.

26416 tsouns the Destroyer (level 12, 0/104 HPs)
             Began as a Pale Draconian Conjurer on Dec 17, 2017.
             Was a High Priest of Sif Muna.
             Slain by a spiny frog (19 damage)
             ... on level 2 of the Lair of Beasts on Dec 19, 2017.
             The game lasted 01:00:14 (13770 turns).

tsouns the Destroyer (Pale Draconian Conjurer)     Turns: 13770, Time: 01:00:15

Health: 0/104      AC: 15    Str: 12    XL:     12   Next: 98%
Magic:  5/26       EV: 14    Int: 20    God:    Sif Muna [*****.]
Gold:   779        SH:  0    Dex: 11    Spells: 8/31 levels left

rFire    . . .     SeeInvis .   R - +8 whip "Snakebite" {curare, rPois}
rCold    . . .     Gourm    .   (no shield)
rNeg     . . .     Faith    +   (armour unavailable)
rPois    +         Spirit   .   (helmet restricted)
rElec    .         Reflect  .   s - scarf {cloud immunity}
rCorr    .         Harm     .   k - +1 pair of gloves
MR       .....                  g - +1 pair of boots
Stlth    +++.......             W - amulet of faith
HPRegen  0.27/turn              d - ring of poison resistance
MPRegen  0.20/turn              S - +3 ring of protection

@: no status effects
A: breathe steam, unfitting armour, cold-blooded, AC +8
a: Breathe Steam, Divine Energy, Channel Magic, Forget Spell, Renounce Religion


You were on level 2 of the Lair of Beasts.
You worshipped Sif Muna.
Sif Muna was extremely pleased with you.
You were not hungry.

You visited 2 branches of the dungeon, and saw 13 of its levels.

You collected 779 gold pieces.

Inventory:

Hand Weapons
 e - a +5 dagger
 F - the +3 hunting sling "Goblinbane" {venom, MR+++ Str+7 Dex+4}
   (You found it on level 6 of the Dungeon)

   It poisons the ammo it fires.
   It affects your strength (+7).
   It affects your dexterity (+4).
   It affects your resistance to hostile enchantments.
 L - a +2 dagger of draining
 R - the +8 whip "Snakebite" (weapon) {curare, rPois}
   (You found it on level 1 of the Lair of Beasts)

   It poisons the flesh of those it strikes.
   It protects you from poison.
Missiles
 r - 38 sling bullets
 G - 114 stones (quivered)
Armour
 g - a +1 pair of boots (worn)
 k - a +1 pair of gloves (worn)
 s - a scarf of cloud immunity (worn)
 I - a cursed +0 buckler
Jewellery
 d - a ring of poison resistance (left hand)
 l - an uncursed amulet of the gourmand
 A - a +5 ring of strength
 H - an uncursed ring of protection from fire
 S - a +3 ring of protection (right hand)
 W - an amulet of faith (around neck)
Wands
 j - a wand of flame (32)
 y - a wand of disintegration (11)
 C - a wand of iceblast (25)
 O - a wand of acid (11)
 U - a wand of digging (16)
Scrolls
 c - 4 scrolls of fog
 u - 2 scrolls of immolation
 x - a scroll of enchant weapon
 z - a scroll of random uselessness
 B - 5 scrolls of remove curse
 K - a scroll of teleportation
 N - a scroll of amnesia
 V - a scroll of fear
Potions
 f - 4 potions of curing
 h - 3 potions of lignification
 i - 2 potions of might
 m - 2 potions of invisibility
 n - 3 potions of mutation
 o - 2 potions of haste
 p - 3 potions of berserk rage
 q - 3 potions of agility {unknown}
 t - 2 potions of flight {unknown}
 v - 3 potions of resistance {unknown}
 w - a potion of degeneration {unknown}
 D - a potion of magic {unknown}
 E - a potion of ambrosia {unknown}
 M - 2 potions of cancellation {unknown}
 P - 2 potions of heal wounds
Books
 a - a book of Conjurations

   Spells                             Type                      Level
   a - Magic Dart                     Conjuration                  1
   b - Searing Ray                    Conjuration                  2
   c - Dazzling Spray                 Conjuration/Hexes            3
   d - Fulminant Prism                Conjuration/Hexes            4
   e - Force Lance                    Conjuration/Translocation    4
   f - Iskenderun's Mystic Blast      Conjuration                  4
 J - a book of Party Tricks

   Spells                             Type                      Level
   a - Summon Butterflies             Summoning                    1
   b - Apportation                    Translocation                1
   c - Lesser Beckoning               Translocation                3
   d - Tukima's Dance                 Hexes                        3
   e - Alistair's Intoxication        Transmutation/Poison         5
   f - Invisibility                   Hexes                        6
 T - Sif Muna's Handbook of Fetching Battle Magic
   (Sif Muna gifted it to you on level 2 of the Lair of Beasts)

   Spells                             Type                      Level
   a - Throw Icicle                   Conjuration/Ice              4
   b - Metabolic Englaciation         Hexes/Ice                    5
   c - Spellforged Servitor           Conjuration/Summoning        7
   d - Orb of Destruction             Conjuration                  7
Miscellaneous
 Q - a phantom mirror
Comestibles
 b - 17 rations


   Skills:
 * Level 9.1 Fighting
 + Level 1.6 Maces & Flails
 - Level 6.0 Slings
 - Level 5.7 Dodging
 - Level 4.5 Stealth
 + Level 10.2 Spellcasting
 + Level 10.7 Conjurations
 - Level 3.7 Hexes
 + Level 2.9 Summonings
 - Level 3.0 Translocations
 - Level 6.1 Invocations
 - Level 2.6 Evocations


You had 8 spell levels left.
You knew the following spells:

 Your Spells              Type           Power        Failure   Level  Hunger
a - Magic Dart            Conj           ####         1%          1    None
b - Searing Ray           Conj           ######       1%          2    None
c - Dazzling Spray        Conj/Hex       #####.       1%          3    None
d - Iskenderun's Mystic   Conj           ######..     1%          4    ##.....
e - Force Lance           Conj/Tloc      #####...     3%          4    ##.....
f - Fulminant Prism       Conj/Hex       #####.....   3%          4    ##.....
g - Apportation           Tloc           ###...       1%          1    None
h - Summon Butterflies    Summ           ###.....     1%          1    None
i - Tukima's Dance        Hex            ####....     4%          3    None


Dungeon Overview and Level Annotations

Branches:
Dungeon (11/15)            Temple (0/1) D:5            Lair (2/6) D:10
  Swamp (0/4) Lair:2       Spider (0/4) Lair:2
    Orc: D:9-12

Altars:
Cheibriados
Elyvilon
Gozag
Kikubaaqudgha
Makhleb
Okawaru
Qazlal
Ru
Sif Muna
Trog
Yredelemnul
The Shining One

Shops:
D:6 }


Innate Abilities, Weirdness & Mutations

You can breathe blasts of scalding, opaque steam.
Your pale cyan-grey scales are hard. (AC +8)
You cannot fit into any form of body armour.
You are cold-blooded and may be slowed by cold attacks.


Message History

The spiny frog is moderately wounded.
You hear a croak.
You hear a loud, deep croak!
A spiny frog comes into view.
Casting: Iskenderun's Mystic Blast
Confirm with . or Enter, or press ? or * to list all spells.
You don't have enough magic to cast that spell.
You closely miss the spiny frog. The spiny frog closely misses you.
You hit the spiny frog.
The spiny frog is heavily wounded.
The spiny frog stings you! The spiny frog closely misses you.
The spiny frog stings you! The spiny frog misses you.
You closely miss the spiny frog. The spiny frog stings you!! x2
Casting: Iskenderun's Mystic Blast
Confirm with . or Enter, or press ? or * to list all spells.
Okay, then.
You closely miss the spiny frog. The spiny frog stings you!!
* * * LOW HITPOINT WARNING * * *
The spiny frog stings you!!
You die...

#.. ###...### ##...
#.......## #.....###
#........###
........#######.......##.#
............##P..........##
...........................
........##................#
......###.FF.##...........#
...... ##@..#P...........#
....## #######.......#....
...# #.# #........#.... ..
#.# #........#....
#.###............
##.##............
##.(.≈............
#.(>.≈............
##.(.≈......#P.##.


You could see 2 spiny frogs.

Vanquished Creatures
  3 hydras
  2 two-headed ogres
  The ghost of Statics the Tainter, a novice DsVM of Ashenzari (D:8)
  2 oklob plants (Lair:1)
  2 black mambas (Lair:1)
  3 spiny frogs
  2 komodo dragons
  A jumping spider (Lair:2)
  A hornet (D:8)
  7 hippogriffs
  3 redbacks (Lair:2)
  10 yaks
  A spriggan (D:7)
  2 wyverns
  A wraith (D:9)
  7 water moccasins
  2 porcupines
  4 orc warriors
  2 ice beasts
  6 ogres
  A necrophage (D:11)
  A phantom (D:7)
  3 centaurs
  8 wolves
  5 crocodiles
  A big kobold (D:10)
  Blork the orc (D:5)
  4 bullfrogs
  A gnoll sergeant (D:7)
  A wyvern skeleton (D:8)
  A scorpion (D:8)
  9 killer bees
  2 howler monkeys (D:10)
  A bullfrog zombie (D:11)
  6 crimson imps
  6 hounds
  5 orc priests
  2 centaur skeletons
  2 jellies
  4 bullfrog skeletons
  2 iguanas
  Ijyb (D:3)
  9 orc wizards
  2 hell rats (Lair:1)
  9 worker ants
  A hound zombie (D:8)
  A hound skeleton (D:11)
  Robin (D:2)
  19 adders
  4 gnolls
  3 river rats (Lair:1)
  3 shadow imps
  An adder zombie (D:7)
  A worm (D:3)
  A dart slug (D:1)
  3 leopard geckos
  33 orcs
  2 ball pythons
  4 giant cockroaches
  26 goblins
  6 hobgoblins
  14 jackals
  7 quokkas
  7 bats
  2 frilled lizards
  A jackal skeleton (D:4)
  11 kobolds
  2 quokka skeletons
  15 rats
  2 plants
319 creatures vanquished.

Vanquished Creatures (collateral kills)
  An orc warrior (D:11)
1 creature vanquished.

Vanquished Creatures (others)
  A plant (D:2)
1 creature vanquished.

Grand Total: 321 creatures vanquished

Notes
Turn   | Place    | Note
-------+----------+-------------------------------------------
     0 | D:1      | tsouns the Draconian Conjurer began the quest for the Orb.
     0 | D:1      | Reached XP level 1. HP: 14/14 MP: 3/3
   179 | D:1      | Reached XP level 2. HP: 14/20 MP: 0/5
   183 | D:1      | Learned a level 2 spell: Searing Ray
   667 | D:2      | Reached XP level 3. HP: 26/26 MP: 4/7
   672 | D:2      | Learned a level 3 spell: Dazzling Spray
   711 | D:2      | Found a white marble altar of Elyvilon.
   948 | D:2      | Found an ancient bone altar of Kikubaaqudgha.
   981 | D:2      | Reached XP level 4. HP: 21/33 MP: 8/8
  1085 | D:2      | Noticed Robin
  1099 | D:2      | Killed Robin
  1099 | D:2      | Reached skill level 5 in Conjurations
  1593 | D:3      | Found a snail-covered altar of Cheibriados.
  1654 | D:3      | Found a faded altar of an unknown god.
  1664 | D:3      | Became a worshipper of Sif Muna the Loreminder
  1664 | D:3      | Reached * piety under Sif Muna
  2071 | D:3      | Noticed Ijyb
  2085 | D:3      | Paralysed by Ijyb for 6 turns
  2101 | D:3      | Paralysed by Ijyb for 3 turns
  2106 | D:3      | Paralysed by Ijyb for 4 turns
  2112 | D:3      | Paralysed by Ijyb for 2 turns
  2114 | D:3      | Killed Ijyb
  2114 | D:3      | Reached XP level 5. HP: 38/38 MP: 0/10
  2645 | D:3      | Learned a level 4 spell: Iskenderun's Mystic Blast
  2952 | D:4      | Noticed an ogre
  2968 | D:4      | Killed an ogre
  2968 | D:4      | Reached ** piety under Sif Muna
  2968 | D:4      | Reached XP level 6. HP: 45/45 MP: 5/12
  3122 | D:4      | Found a sacrificial altar of Ru.
  3123 | D:4      | Found an iron altar of Okawaru.
  3124 | D:4      | Found a bloodstained altar of Trog.
  3125 | D:4      | Found a burning altar of Makhleb.
  3204 | D:4      | Found an opulent altar of Gozag.
  3242 | D:4      | Found a basalt altar of Yredelemnul.
  3507 | D:5      | Entered Level 5 of the Dungeon
  3841 | D:5      | Reached skill level 5 in Spellcasting
  3988 | D:5      | Found a staircase to the Ecumenical Temple.
  4004 | D:5      | Your scales start taking on a pale cyan-grey colour.
  4004 | D:5      | Reached XP level 7. HP: 33/50 MP: 7/14
  4206 | D:5      | Found a stormy altar of Qazlal.
  4312 | D:5      | Noticed Blork the orc
  4346 | D:5      | Killed Blork the orc
  4444 | D:5      | Reached skill level 1 in Fighting
  4715 | D:6      | Reached XP level 8. HP: 58/62 MP: 8/17
  4716 | D:6      | Found Suligro's Gadget Shoppe.
  4752 | D:6      | Got an iridescent hunting sling
  4753 | D:6      | Identified the cursed +3 hunting sling "Goblinbane" {venom, MR+++ Str+7 Dex+4} (You found it on level 6 of the Dungeon)
  4888 | D:6      | Reached *** piety under Sif Muna
  6116 | D:7      | Noticed a hippogriff
  6130 | D:7      | Killed a hippogriff
  6130 | D:7      | Reached skill level 5 in Fighting
  6130 | D:7      | Reached XP level 9. HP: 60/74 MP: 6/19
  6141 | D:7      | Reached **** piety under Sif Muna
  6709 | D:7      | Learned a level 4 spell: Force Lance
  6714 | D:7      | Learned a level 4 spell: Fulminant Prism
  6730 | D:8      | Noticed a two-headed ogre
  6841 | D:8      | Reached skill level 1 in Translocations
  6889 | D:8      | Reached skill level 1 in Hexes
  6965 | D:8      | Paralysed by a hornet for 1 turns
  7092 | D:8      | Killed a two-headed ogre
  7327 | D:8      | Reached ***** piety under Sif Muna
  7353 | D:8      | Received a gift from Sif Muna
  7357 | D:8      | Learned a level 1 spell: Apportation
  7359 | D:8      | Learned a level 1 spell: Summon Butterflies
  7363 | D:8      | Learned a level 3 spell: Tukima's Dance
  7415 | D:8      | Reached XP level 10. HP: 83/83 MP: 14/22
  7743 | D:8      | Noticed Statics's ghost (novice DsVM)
  7756 | D:8      | Reached skill level 1 in Summonings
  7770 | D:8      | Killed Statics's ghost
  8401 | D:9      | Upgraded the game from 0.21-a0-552-g593960d to 0.21-a0-582-g1b93aee
  9046 | D:9      | Found a deep blue altar of Sif Muna.
  9137 | D:9      | Found a glowing golden altar of the Shining One.
  9187 | D:9      | Reached skill level 10 in Conjurations
  9519 | D:10     | Entered Level 10 of the Dungeon
  9710 | D:10     | Found a staircase to the Lair.
  9927 | D:10     | Reached skill level 1 in Invocations
  9927 | D:10     | Reached skill level 1 in Evocations
  9930 | D:10     | Reached skill level 1 in Slings
 10013 | D:10     | Got a spiked helmet
 10094 | D:10     | Noticed a two-headed ogre
 10109 | D:10     | Killed a two-headed ogre
 10359 | D:10     | Reached XP level 11. HP: 54/91 MP: 23/23
 10624 | D:11     | Noticed a seven-headed hydra
 10779 | D:11     | Killed a seven-headed hydra
 10789 | D:11     | HP: 4/91 [orc priest/divine providence (14)]
 11235 | Lair:1   | Entered Level 1 of the Lair of Beasts
 11707 | Lair:1   | Reached skill level 5 in Slings
 11707 | Lair:1   | Reached skill level 5 in Dodging
 11707 | Lair:1   | Reached XP level 12. HP: 100/100 MP: 16/25
 12592 | Lair:1   | Found the +8 whip "Snakebite" {curare, rPois}
 12885 | Lair:2   | Found a hole to the Spider Nest.
 12890 | Lair:2   | Reached skill level 10 in Spellcasting
 13269 | Lair:2   | Identified Sif Muna's Handbook of Fetching Battle Magic (Sif Muna gifted it to you on level 2 of the Lair of Beasts)
 13269 | Lair:2   | Received a gift from Sif Muna
 13476 | Lair:2   | Found a staircase to the Swamp.
 13507 | Lair:2   | Noticed an eight-headed hydra
 13513 | Lair:2   | Killed an eight-headed hydra
 13513 | Lair:2   | Reached skill level 1 in Maces & Flails
 13712 | Lair:2   | Noticed a seven-headed hydra
 13718 | Lair:2   | Killed a seven-headed hydra
 13770 | Lair:2   | Slain by a spiny frog

Vault maps used:
D:1:      lemuel_arrival_lava_pool
D:2:      elyvilon_altar_5, kiku_gazebo_garden_becter, serial_forest,
          infiniplex_forest_lined_4_way, infiniplex_forest_lined_corner,
          infiniplex_forest_clump_curved, infiniplex_forest_clump_medium,
          infiniplex_forest_clump_cross, infiniplex_forest_straight_5,
          infiniplex_forest_end_3, infiniplex_forest_clump_double,
          kennysheep_nondescript, uniq_robin
D:3:      kennysheep_goblin_castle, cheibriados_altar_1,
          chequers_ecumenical_altar_island, minmay_distorted
D:4:      lemuel_doored_altar, grunt_gozag_breadcrumbs,
          chequers_temple_overflow_statue_of_worship, first_bread,
          cheibrodos_gnoll_hut
D:5:      marbit_many_paths, minmay_temple_entry_butterflies, uniq_blork_the_orc
D:6:      serial_shops, shop
D:7:      the_bakery, grunt_ministairs_3
D:8:      grunt_ministairs_5
D:9:      lemuel_coloured_pillars_altar, kennysheep_mini_moat,
          eino_tiny_chamber, minmay_misc_feat_tower
D:10:     dpeg_oklobed_lair
D:11:     david_orc_2, lab_entry_generic, serial_curves, eino_curves_01,
          eino_curves_02
Lair:1:   minmay_guarded_unrand_snakebite, minivault_24,
          kennysheep_abandoned_house, grunt_megastairs_1,
          minmay_lair_oklob_chamber
Lair:2:   swamp_mist_pool, nicolae_spider_entry_tight_spaces,
          beast_lair_carwin_3

Skill      XL: |  1  2  3  4  5  6  7  8  9 10 11 12 |
---------------+-------------------------------------+-----
Spellcasting   | 3 4 5 6 7 8 9 10 | 10.2
Conjurations   | 5 6 7 8 9 10 | 10.7
Fighting       | 2 5 6 7 9 |  9.1
Translocations | 3 |  3.0
Hexes          | 2 3 |  3.7
Dodging        | 2 4 5 |  5.7
Summonings     | 2 |  2.9
Invocations    | 2 6 |  6.1
Evocations     | 2 |  2.6
Slings         | 2 5 6 |  6.0
Stealth        | 4 |  4.5
Maces & Flails | 1 |  1.6

Action                   |  1- 3 |  4- 6 |  7- 9 | 10-12 || total
-------------------------+-------+-------+-------+-------++-------
Melee: Unarmed           |    11 |       |       |       ||    11
       Short sword       |    19 |       |       |       ||    19
       Tailslap          |     6 |     5 |       |     2 ||    13
       Dagger            |    27 |    91 |     1 |       ||   119
       Whip              |       |       |       |    32 ||    32
 Fire: Hunting sling     |       |       |    79 |   435 ||   514
 Cast: Magic Dart        |    36 |    61 |   122 |    61 ||   280
       Searing Ray       |     2 |    17 |    22 |    11 ||    52
       Dazzling Spray    |     1 |       |    10 |       ||    11
       Iskenderun's Myst |       |       |    15 |    82 ||    97
       Tukima's Dance    |       |       |       |     2 ||     2
Evoke: Wand              |       |       |       |    10 ||    10
  Use: Scroll            |       |     5 |     8 |    10 ||    23
       Potion            |       |       |     1 |     2 ||     3
 Stab: Sleeping          |     2 |     4 |       |       ||     6
  Eat: Chunk             |       |     8 |     8 |    19 ||    35
       Buggy ration      |       |     1 |       |       ||     1
       Buggy jelly       |       |       |     1 |       ||     1
       Buggy fruit       |       |       |       |     3 ||     3
       Ration            |       |       |       |     2 ||     2
Armor: Skin              |     7 |    62 |    45 |   100 ||   214
Dodge: Dodged            |    31 |    61 |    76 |   252 ||   420

Table legend:
 A = Spawn XP
 B = Non-spawn XP
 C = Spawn XP percentage of total XP
 D = Spawn monster count
 E = Non-spawn monster count
 F = Spawn count percentage of total count
 G = Total turns spent on level
                    A         B        C        D         E        F      G
               +---------+---------+-------+---------+---------+-------+---------
         Total |       0 |   24841 |   0.0 |       0 |     318 |   0.0 | 13770
               +---------+---------+-------+---------+---------+-------+---------
           D:1 |       0 |      36 |   0.0 |       0 |      20 |   0.0 |   569
           D:2 |       0 |      98 |   0.0 |       0 |      29 |   0.0 |  1024
           D:3 |       0 |     117 |   0.0 |       0 |      31 |   0.0 |  1069
           D:4 |       0 |     320 |   0.0 |       0 |      13 |   0.0 |   927
           D:5 |       0 |     522 |   0.0 |       0 |      19 |   0.0 |  1067
           D:6 |       0 |     700 |   0.0 |       0 |      22 |   0.0 |   629
           D:7 |       0 |    1681 |   0.0 |       0 |      30 |   0.0 |  1538
           D:8 |       0 |    3986 |   0.0 |       0 |      34 |   0.0 |  1577
           D:9 |       0 |    1007 |   0.0 |       0 |      14 |   0.0 |  1287
          D:10 |       0 |    3546 |   0.0 |       0 |      32 |   0.0 |  1608
          D:11 |       0 |    2494 |   0.0 |       0 |      20 |   0.0 |   253
        Lair:1 |       0 |    5994 |   0.0 |       0 |      42 |   0.0 |  1310
        Lair:2 |       0 |    4340 |   0.0 |       0 |      12 |   0.0 |   912
               +---------+---------+-------+---------+---------+-------+---------
